 Dungeon Crawl Stone Soup version 0.25.0-11-g1f837a76a1 (webtiles) character file.

Game seed: 11594982308103885387

42 lepoulpe303 the Chucker (level 3, -3/35 HPs)
             Began as a Troll Hunter on June 25, 2020.
             Slain by a hobgoblin (6 damage)
             ... led by Robin
             ... on level 2 of the Dungeon.
             The game lasted 00:02:59 (918 turns).

lepoulpe303 the Chucker (Troll Hunter)               Turns: 918, Time: 00:03:00

Health: -3/35      AC:  6    Str: 21    XL:     3   Next: 35%
Magic:  2/2        EV: 10    Int:  7    God:
Gold:   112        SH:  0    Dex: 10    Spells: 2/2 levels left

rFire    . . .     SeeInvis .   a - +0 short sword
rCold    . . .     Gourm    +   (no shield)
rNeg     . . .     Faith    .   b - +0 robe
rPois    .         Spirit   .   (helmet restricted)
rElec    .         Reflect  .   (no cloak)
rCorr    .         Harm     .   (gloves unavailable)
MR       .....                  (boots unavailable)
Stlth    +.........             (no amulet)
HPRegen  0.51/turn              (no ring)
MPRegen  0.08/turn              (no ring)

@: no status effects
A: large, unfitting armour, claws 3, fast metabolism 3, gourmand, regeneration
1, shaggy fur 1, tough skin 3
a: no special abilities


You were on level 2 of the Dungeon.
You were not hungry.

You visited 1 branch of the dungeon, and saw 2 of its levels.

You collected 112 gold pieces.

Inventory:

Hand Weapons
 a - a +0 short sword (weapon)
Missiles
 d - 2 throwing nets {=f}
Armour
 b - a +0 robe (worn)
Scrolls
 f - a scroll of immolation {unknown}
 i - a scroll of noise {unknown}
 k - a scroll of enchant armour {unknown}
 l - 2 scrolls of identify {unknown}
 m - a scroll of magic mapping {unknown}
 n - a scroll of remove curse {unknown}
 o - a scroll of teleportation {unknown}
 p - a scroll of fog {unknown}
Potions
 g - 2 potions of mutation {unknown}
 h - 7 potions of heal wounds {unknown}
 j - 3 potions of degeneration {unknown}
Comestibles
 e - 6 rations


   Skills:
 + Level 2.0 Fighting
 * Level 4.0 Throwing
 + Level 2.0 Dodging
 - Level 0.3 Stealth
 * Level 1.4 Unarmed Combat


You had 2 spell levels left.
You didn't know any spells.
Your spell library was empty.

Dungeon Overview and Level Annotations

Branches:
Dungeon (2/15)

Altars:

Annotations:
D:1 revenir avec fly


Innate Abilities, Weirdness & Mutations

You are too large for most types of armour.
You have claws for hands.
Your metabolism is lightning-fast.
You like to eat raw meat.
Your natural rate of healing is unusually fast.
You are covered in fur. (AC +1)
You have extremely tough skin. (AC +3)


Message History

You puncture the goblin!
You kill the goblin!
The hobgoblin hits you.
* * * LOW HITPOINT WARNING * * *
The goblin hits you but does no damage. x2
You take 5 damage, and have 6/35 hp.
The goblin hits you but does no damage. The goblin closely misses you.
You see here a +0 dagger.
You closely miss the hobgoblin. The hobgoblin barely misses you.
The goblin hits you.
* * * LOW HITPOINT WARNING * * *
The goblin hits you but does no damage.
You take 2 damage, and have 5/35 hp.
You hit the hobgoblin but do no damage.
The hobgoblin hits you but does no damage.
The goblin hits you but does no damage. The goblin hits you.
* * * LOW HITPOINT WARNING * * *
You take 2 damage, and have 3/35 hp.
You hit the goblin. The hobgoblin hits you.
You die...

... ###.####.# #.#
##.####..#. #.#
#.......... ###
####.# #..#####.#.
....
..<..###..###.....
####
##...##......#
##.....#.######
..#...(g.[........
.
#......g@.........
#
#...)>)(g..#######
#.............. #
#......[..#####
...######## .. #


You could see a hobgoblin (strong) and 2 goblins.

Levels and vault maps discovered:
D:1:      lemuel_arrival_lava_pool, layout_basic, roderic_malta_cross
D:2:      layout_loops_ring, first_ration, minmay_pentomino_z2, uniq_robin

Notes
Turn   | Place    | Note
-------+----------+-------------------------------------------
     0 | D:1      | lepoulpe303 the Troll Hunter began the quest for the Orb.
     0 | D:1      | Reached XP level 1. HP: 19/19 MP: 0/0
    32 | D:1      | Identified a +0 club
    83 | D:1      | Identified a cursed -3 dagger
    90 | D:1      | Identified a +0 dagger
    91 | D:1      | Reached XP level 2. HP: 28/28 MP: 1/1
   625 | D:1      | Reached skill level 1 in Unarmed Combat
   767 | D:2      | Identified a +0 dagger
   886 | D:2      | Identified a +0 club
   887 | D:2      | Identified a +0 club
   890 | D:2      | Identified a +0 spear
   890 | D:2      | Identified a +0 animal skin
   890 | D:2      | Identified a +0 helmet
   890 | D:2      | Noticed Robin
   891 | D:2      | Reached XP level 3. HP: 35/35 MP: 2/2
   891 | D:2      | Identified a cursed +0 robe
   892 | D:2      | Identified a +0 dagger
   908 | D:2      | Killed Robin
   908 | D:2      | Reached skill level 2 in Fighting
   908 | D:2      | Reached skill level 4 in Throwing
   908 | D:2      | Reached skill level 2 in Dodging
   914 | D:2      | HP: 6/35 [hobgoblin[Robin] (5)]
   918 | D:2      | Slain by a hobgoblin

Table legend:
 A = Turns spent in this place as a percentage of turns spent in the entire game.
 B = Non-inter-level travel turns spent in this place as a percentage of non-inter-level travel turns spent in the entire game.
 C = Inter-level travel turns spent in this place as a percentage of turns spent in this place.
 D = Turns resting spent in this place as a percentage of non-inter-level travel turns spent in this place.
 E = Turns spent auto-exploring this place as a percentage of non-inter-level travel turns spent in this place.
 F = Non-inter-level travel turns spent in this place divided by the number of levels of this place that you've seen.
                   A       B       C       D       E      F
               +-------+-------+-------+-------+-------+----------------------
         Total | 100.0 | 100.0 |   8.6 |   0.0 |  83.7 | 419.5
       Dungeon | 100.0 | 100.0 |   8.6 |   0.0 |  83.7 | 419.5
               +-------+-------+-------+-------+-------+----------------------

Table legend:
 A = Kills in this place as a percentage of kills in entire the game.
 B = Kills by you in this place as a percentage of kills by you in the entire game.
 C = Kills by friends in this place as a percentage of kills by friends in the entire game.
 D = Other kills in this place as a percentage of other kills in the entire game.
 E = Experience gained in this place as a percentage of experience gained in the entire game.
 F = Experience gained in this place divided by the number of levels of this place that you have seen.
                   A       B       C       D       E      F
               +-------+-------+-------+-------+-------+----------------------
         Total | 100.0 | 100.0 |   N/A |   N/A | 100.0 |  30.5
       Dungeon | 100.0 | 100.0 |   N/A |   N/A | 100.0 |  30.5
               +-------+-------+-------+-------+-------+----------------------

Skill      XL: |  1  2  3 |
---------------+----------+-----
Unarmed Combat | 1 |  1.4
Fighting       | 2 |  2.0
Throwing       | 4 |  4.0
Dodging        | 2 |  2.0
Stealth        | |  0.3

Action                   || total
-------------------------++-------
Melee: Short sword       ||    58
Throw: Large rock        ||    29
  Eat: Chunk             ||     6
Armor: Robe              ||    54
Dodge: Dodged            ||    64

Vanquished Creatures
  Robin (D:2)
  5 bats (D:1)
  4 hobgoblins
  2 jackals (D:1)
  2 kobolds (D:1)
  3 frilled lizards
  7 goblins
  5 rats
29 creatures vanquished.
